 Dungeon Crawl Stone Soup version 0.29-a0-1065-g47a6bb87d6 (webtiles) character file.

Game seed: 17157189182637021302

132 SensoryNuts the Cutter (level 4, -1/33 HPs)
             Began as a Vampire Gladiator on Aug 19, 2022.
             Slain by Natasha (4 damage)
             ... on level 2 of the Dungeon.
             The game lasted 00:01:47 (1600 turns).

SensoryNuts the Cutter (Vampire Gladiator)          Turns: 1600, Time: 00:01:47

Health: -1/33      AC:  4    Str: 19    XL:     4   Next: 92%
Magic:  4/4        EV: 13    Int: 10    God:
Gold:   113        SH:  0    Dex: 15    Spells: 3/3 levels left

rFire   . . .      SeeInvis +   a - +0 rapier
rCold   . . .      Faith    .   (no shield)
rNeg    . . .      Spirit   .   b - +0 leather armour
rPois   .          Reflect  .   c - +0 helmet
rElec   .          Harm     .   (no cloak)
rCorr   .          Rampage  .   (no gloves)
Will    +....                   s - -1 pair of boots of Carved Curiosity {Str+4}
Stlth   +.........              (no amulet)
HPRegen 0.31/turn               (no ring)
MPRegen 0.09/turn               (no ring)

@: mighty, healing quickly, slowed, very slow
A: alive, fangs 3, see invisible, vampiric 2, strong-willed 1
a: Exsanguinate


You were on level 2 of the Dungeon.
You visited 1 branch of the dungeon, and saw 2 of its levels.

You collected 113 gold pieces.

Inventory:

Hand Weapons
 a - a +0 rapier (weapon)
Missiles
 d - 3 throwing nets (quivered)
 e - a javelin
Armour
 b - a +0 leather armour (worn)
 c - a +0 helmet (worn)
 s - the -1 pair of boots of Carved Curiosity (worn) {Str+4}
   (You found it on level 2 of the Dungeon)

   Str:       It affects your strength (+4).
Jewellery
 n - an amulet of faith
Scrolls
 j - a scroll of teleportation {unknown}
 k - 3 scrolls of fear {unknown}
 l - 2 scrolls of immolation {unknown}
 t - a scroll of identify {unknown}
Potions
 g - a potion of cancellation
 i - a potion of haste {unknown}
 m - 2 potions of invisibility {unknown}
 o - a potion of brilliance {unknown}
 p - 2 potions of flight {unknown}
 q - a potion of magic {unknown}
 r - 2 potions of curing {unknown}


   Skills:
 + Level 2.3 Fighting
 + Level 4.8 Short Blades
 + Level 1.6 Throwing
 + Level 1.1 Armour
 + Level 4.2 Dodging
 + Level 0.8 Stealth


You had 3 spell levels left.
You didn't know any spells.
Your spell library contained the following spells:

 Spells                   Type           Power      Damage    Failure   Level
 Ensorcelled Hibernation  Hex/Ice        0%         N/A       56%         2
 Ignite Poison            Fire/Tmut/Pois 0%         N/A       80%         3
 Mephitic Cloud           Conj/Pois/Air  0%         N/A       80%         3
 Spider Form              Tmut/Pois      0%         N/A       80%         3
 Anguish                  Hex/Necr       0%         N/A       99%         4
 Freezing Cloud           Conj/Ice/Air   0%         6-21      100%        5


Dungeon Overview and Level Annotations

Branches:
Dungeon (2/15)

Altars:

Annotations:
D:2 Natasha


Innate Abilities, Weirdness & Mutations

Your natural rate of healing is accelerated.
You have razor-sharp teeth.
You have supernaturally acute eyesight. (SInv)
You are afflicted with vampirism and can become a bat while bloodless.
You are strong-willed. (Will+)


Message History

You barely miss Natasha.
Natasha is heavily wounded.
The giant cockroach bites you but does no damage.
Natasha claws you.
You are too injured to fight recklessly!
You are too injured to fight recklessly!
You are too injured to fight recklessly!
There are monsters nearby!
There are monsters nearby!
You are too injured to fight recklessly!
Unknown command.
You hit Natasha but do no damage.
Natasha is heavily wounded.
The giant cockroach closely misses you.
You hit Natasha but do no damage.
Natasha is heavily wounded.
The giant cockroach bites you but does no damage.
Natasha claws you.
The giant cockroach bites you but does no damage.
You hit Natasha but do no damage.
Natasha is heavily wounded.
Natasha claws you.
* * * LOW HITPOINT WARNING * * *
The giant cockroach barely misses you.
It was a potion of cancellation.
You feel magically purged. Natasha claws you.
* * * LOW HITPOINT WARNING * * *
The giant cockroach bites you but does no damage.
Natasha casts a spell at you.
You feel yourself slow down.
It was a potion of mutation.
You feel extremely strange.
You feel strong-willed. The giant cockroach closely misses you.
Natasha claws you.
* * * LOW HITPOINT WARNING * * *
The giant cockroach barely misses you. Natasha attacks as you move away!
Natasha closely misses you. The giant cockroach misses you.
Natasha claws you but does no damage.
It was a potion of might.
You feel very mighty all of a sudden. The giant cockroach barely misses you.
Natasha claws you.
You die...

............................#.##[
.........##.###....#.....#.##....
.........##........#.##.##....###
.........##.##.....#.##.###...#
.........##.###...##.##.# ..###
.........##.# ###.##.##.# ###
.........##.# ....##..
.........##.######....#...
.........##.....@B......#
.........##.....#h..>.....
.........###.##.####.)....
.........# #....# ....#.
......)..# ###### .### ##########
.. ##


You could see Natasha and a giant cockroach.

Vanquished Creatures
  Natasha (twice) (D:2)
  4 adders (D:2)
  A worm (D:2)
  3 dart slugs
  2 endoplasms (D:1)
  A giant cockroach (D:2)
  11 goblins
  3 hobgoblins
  A quokka (D:1)
  2 ball pythons
  5 bats
  A frilled lizard (D:2)
  3 kobolds (D:1)
  2 rats
41 creatures vanquished.

Notes
Turn   | Place    | Note
-------+----------+-------------------------------------------
     0 | D:1      | SensoryNuts the Vampire Gladiator began the quest for the
                  | Orb.
     0 | D:1      | Reached XP level 1. HP: 16/16 MP: 1/1
   256 | D:1      | Reached XP level 2. HP: 22/22 MP: 2/2
   565 | D:1      | Found a faded altar of an unknown god.
  1096 | D:2      | Gained mutation: You are afflicted with vampirism and can
                  | become a bat while bloodless. [Vampire growth]
  1096 | D:2      | Reached XP level 3. HP: 27/27 MP: 3/3
  1166 | D:2      | Identified the -1 pair of boots of Carved Curiosity {Str+4}
  1262 | D:2      | Noticed Natasha
  1277 | D:2      | Killed Natasha
  1298 | D:2      | Reached XP level 4. HP: 33/33 MP: 4/4
  1441 | D:2      | Reached skill level 1 in Armour
  1454 | D:2      | Noticed Natasha
  1478 | D:2      | Killed Natasha
  1584 | D:2      | Noticed Natasha
  1598 | D:2      | Gained mutation: You are strong-willed. (Will+) [potion of
                  | mutation]
  1600 | D:2      | Slain by Natasha

Illustrated notes

Levels and vault maps discovered:
D:1:      dpeg_arrival_radiant, layout_basic,
          hellmonk_ecumenical_altar_pennies_from_heaven, corner_web_ring,
          minmay_pentomino_v2
D:2:      kennysheep_the_goblin_king, layout_basic, uniq_natasha

Skill      XL: |  1  2  3  4 |
---------------+-------------+-----
Short Blades   | 4 |  4.8
Fighting       | 2 |  2.3
Dodging        | 4 |  4.2
Armour         | 1 |  1.1
Throwing       | |  1.6
Stealth        | |  0.8

Action                   |  1- 3 |  4- 6 || total
-------------------------+-------+-------++-------
Melee: Rapier            |   100 |    41 ||   141
       Bite              |    13 |     6 ||    19
       Punch             |     2 |     2 ||     4
  Use: Potion            |       |     3 ||     3
 Stab: Sleeping          |     1 |       ||     1
Armor: Leather armour    |    30 |    12 ||    42
Dodge: Dodged            |    71 |    34 ||   105

Table legend: (Time is in decaauts)
 A = Elapsed time spent in this place.
 B = Non-inter-level travel time spent in this place.
 C = Inter-level travel time spent in this place.
 D = Time resting spent in this place.
 E = Time spent auto-exploring this place.
 F = Levels seen in this place.
 G = Mean time per level.
                   A        B        C        D        E       F      G
               +--------+--------+--------+--------+--------+-----+--------+
         Total |   1616 |   1581 |     35 |      0 |   1280 |   2 |  808.0 |
       Dungeon |   1616 |   1581 |     35 |      0 |   1280 |   2 |  808.0 |
               +--------+--------+--------+--------+--------+-----+--------+

Top non-repeatable levels by time:
     D:1: 1012 daAuts
     D:2: 604 daAuts
